 Dungeon Crawl Stone Soup version 0.14-a0-3350-g14ab857 (webtiles) character file.

244 MackTheKnife the Magician (level 5, -8/35 HPs)
             Began as a Human Wizard on Mar 15, 2014.
             Killed by divine providence
             ... invoked by an orc priest
              (12 damage)
             ... on Level 3 of the Dungeon on Mar 18, 2014.
             The game lasted 00:08:00 (3876 turns).

MackTheKnife the Magician (Human Wizard)            Turns: 3876, Time: 00:08:00

HP  -8/35        AC  3     Str  8      XL: 5   Next:  6%
MP   1/11        EV 12     Int 19      God:
Gold 142         SH  0     Dex 11      Spells:  4 memorised,  2 levels left

rFire  . . .     SeeInvis .     s - +2,+1 quarterstaff
rCold  . . .     Clarity  .     a - +0 robe
rNeg   . . .     Conserve .     (no shield)
rPois  +         rCorr    .     b - +0 hat
rElec  .         rRot     .     (no cloak)
SustAb . .       Spirit   .     e - +0 pair of gloves
rMut   .         Warding  .     (no boots)
Saprov . . .     Stasis   .     (no amulet)
MR     .....                    (no ring)
                                m - ring of poison resistance

@: very slightly contaminated, hasted, very quick, not resistant to hostile
enchantments, fairly stealthy
A: no striking features
a: no special abilities


You were on level 3 of the Dungeon.
You were not hungry.

You visited 1 branch of the dungeon, and saw 3 of its levels.

You collected 142 gold pieces.


   Skills:
 - Level 2.0 Dodging
 - Level 2.0 Stealth
 - Level 3.6 Spellcasting
 + Level 3.1 Conjurations
 - Level 1.0 Summonings
   Level 1.0 Translocations
 + Level 1.8 Fire Magic


You had 2 spell levels left.
You knew the following spells:

 Your Spells              Type           Power        Failure   Level  Hunger
c - Conjure Flame         Conj/Fire      ##......     17%         3    ###....
x - Call Imp              Summ           #.........   17%         2    ##.....
z - Magic Dart            Conj           ###.         4%          1    None
C - Mephitic Cloud        Conj/Pois/Air  #.......     34%         3    ###....

Inventory:

Hand weapons
 d - a +1,+2 dagger of venom
 s - a +2,+1 quarterstaff (weapon)
Armour
 a - a +0 robe (worn)
 b - a +0 hat (worn)
 e - a +0 pair of gloves (worn)
Comestibles
 f - a honeycomb
 j - a lychee
 v - a pear
Scrolls
 h - a scroll of recharging
 l - 3 scrolls of identify
 u - a scroll of remove curse
Jewellery
 m - a ring of poison resistance (left hand)
Potions
 i - a potion of resistance
 n - a potion of poison {unknown}
 o - a potion of restore abilities {unknown}
 p - a potion of brilliance {unknown}
 t - a potion of heal wounds {unknown}
Books
 c - a book of Minor Magic

   Spells                             Type                      Level
   *Magic Dart                        Conjuration                  1
   Blink                              Translocation                2
   *Call Imp                          Summoning                    2
   Repel Missiles                     Charms/Air                   2
   Slow                               Hexes                        2
   *Conjure Flame                     Conjuration/Fire             3
   *Mephitic Cloud                    Conjuration/Poison/Air       3

▒ ▒·▒▒▒▒
▒··@o▒▒▒▒▒▒▒▒▒·▒
▒▒▒▒%#(········▒
▒▒▒▒▒▒▒▒▒▒▒▒▒


You could see an orc priest.


Message History

* * * LOW HITPOINT WARNING * * *
Aiming: Magic Dart
Aim: an orc priest, wielding a falchion and wearing a ring mail (moderately wounded)
The magic dart hits the orc priest.
The orc priest is moderately wounded.
Drink which item? (? for menu, Esc to quit)
You feel better.
The orc priest invokes the aid of Beogh against you.
Something smites you!
* * * LOW HITPOINT WARNING * * *
Drink which item? (? for menu, Esc to quit)
You feel better. The orc priest closely misses you.
Drink which item? (? for menu, Esc to quit)
You feel yourself speed up.
You are very lightly contaminated with residual magic.
You hit the orc priest but do no damage.
The orc priest is moderately wounded.
The orc priest barely misses you.
You closely miss the orc priest.
The orc priest is moderately wounded.
The orc priest hits you but does no damage.
You completely miss the orc priest.
The orc priest is moderately wounded.
The orc priest hits you with a falchion.
* * * LOW HITPOINT WARNING * * *
You barely miss the orc priest.
The orc priest is moderately wounded.
The orc priest calls down the wrath of Beogh upon you.
Something smites you!
You die...

Action                   |  1- 3 |  4- 6 || total
-------------------------+-------+-------++-------
Melee: Club              |    11 |       ||    11
       Unarmed           |     4 |       ||     4
       Short sword       |    85 |    27 ||   112
       Dagger            |    18 |       ||    18
       Quarterstaff      |       |    21 ||    21
 Cast: Magic Dart        |    58 |    36 ||    94
       Call Imp          |     3 |     9 ||    12
       Conjure Flame     |     1 |     3 ||     4
  Use: Scroll            |     4 |     5 ||     9
       Potion            |       |     3 ||     3
 Stab: Distracted        |       |     1 ||     1

Vault maps used:
D:1:      shiori_arrival_elements, minmay_misc_feat_rows
D:2:      nicolae_underground_beach
D:3:      uniq_natasha

Notes
Turn   | Place    | Note
--------------------------------------------------------------
     0 | D:1      | MackTheKnife, the Human Wizard, began the quest for the Orb.
     0 | D:1      | Reached XP level 1. HP: 13/13 MP: 4/4
   378 | D:1      | HP: 1/13 [kobold/short sword (1)]
   379 | D:1      | Reached XP level 2. HP: 1/19 MP: 4/6
   723 | D:1      | Learned a level 2 spell: Call Imp
  1383 | D:1      | Reached XP level 3. HP: 20/24 MP: 5/8
  1413 | D:1      | Learned a level 3 spell: Conjure Flame
  1447 | D:1      | Reached skill level 2 in Conjurations
  2371 | D:2      | Reached XP level 4. HP: 23/30 MP: 10/10
  2474 | D:2      | Learned a level 3 spell: Mephitic Cloud
  2731 | D:3      | Noticed Natasha
  2740 | D:3      | Killed Natasha
  2740 | D:3      | Reached skill level 1 in Fire Magic
  2891 | D:3      | Noticed Natasha
  2902 | D:3      | Killed Natasha
  2902 | D:3      | Reached skill level 3 in Conjurations
  3419 | D:3      | Upgraded the game from 0.14-a0-3315-g09e681a to 0.14-a0-3350-g14ab857
  3591 | D:3      | Reached XP level 5. HP: 30/35 MP: 8/11
  3870 | D:3      | HP: 1/35 [orc priest/divine providence (14)]
  3875 | D:3      | HP: 3/35 [orc priest/falchion (6)]
  3876 | D:3      | Killed from afar by an orc priest

Vanquished Creatures
  Natasha (D:3)
  2 adders
  An orc (D:3)
  7 bats
  7 goblins
  7 hobgoblins
  2 jackals (D:1)
  4 giant cockroaches
  2 giant geckos (D:1)
  3 giant newts
  10 kobolds
  6 rats
52 creatures vanquished.

Vanquished Creatures (collateral kills)
  Natasha (D:3)
  A worm (D:3)
  A giant gecko (D:3)
  2 orcs (D:3)
  A hobgoblin (D:1)
  2 jackals (D:1)
  2 kobolds
  A giant newt (D:1)
11 creatures vanquished.

Vanquished Creatures (others)
  A crimson imp (D:3)
  A goblin (D:1)
2 creatures vanquished.

Grand Total: 65 creatures vanquished
